[Event "Titled Tuesday Blitz February 01 A 2022"]
[White "Daneshvar, Bardiya"]
[Black "Zhigalko, Sergei"]
[WhiteFideId "12576468"]
[BlackFideId "13502956"]
[WhiteElo "2295"]
[BlackElo "2662"]
[Result "1-0"]
[Round "09"]
[TimeControl "180+1"]
[Date "2022.02.01"]
[WhiteClock "0:00:01"]
[BlackClock "0:00:02"]

1. d4 Nf6 2. c4 e6 3. Nf3 b6 4. g3 Ba6 5. b3 Bb4+ 6. Bd2 Be7 7. Bg2 c6 8. O-O d5 9. Qc2 Nbd7 10. a4 O-O 11. Rd1 Ne4 12. Be1 Bd6 13. e3 Qe7 14. Nc3 f5 15. Ne2 Rac8 16. Nf4 c5 17. a5 b5 18. dxc5 Rxc5 19. Bb4 Rcc8 20. Bxd6 Qxd6 21. Nd4 Rfe8 22. Ndxe6 Rxe6 23. Rxd5 Qe7 24. Nxe6 Qxe6 25. Rad1 Ndf6 26. Rd8+ Rxd8 27. Rxd8+ Kf7 28. Ra8 bxc4 29. Rxa7+ Kg6 30. bxc4 Bxc4 31. h3 h5 32. Rb7 Qd5 33. Rc7 Bd3 34. Qc6 Qa2 35. Bxe4 Bxe4 36. Qc1 Qxa5 37. Rc3 Bb7 38. Kf1 Qd5 39. Ke2 Ba6+ 40. Ke1 Qh1+ 41. Kd2 Qd5+ 42. Kc2 Bb5 43. Kb2 Ne4 44. Rb3 Nxf2 45. Qc2 1-0


[Site "https://www.chess.com"]

[Event "Titled Tuesday Blitz February 01 A 2022"]
[White "Deac, Bogdan-Daniel"]
[Black "Vokhidov, Shamsiddin"]
[WhiteFideId "1226380"]
[BlackFideId "14204223"]
[WhiteElo "2646"]
[BlackElo "2611"]
[Result "1-0"]
[Round "09"]
[TimeControl "180+1"]
[Date "2022.02.01"]
[WhiteClock "0:00:11"]
[BlackClock "0:00:08"]

1. e4 c5 2. Nf3 d6 3. Bb5+ Nd7 4. d4 cxd4 5. Qxd4 a6 6. Be2 Ngf6 7. O-O e5 8. Qe3 Nc5 9. Nfd2 h5 10. Rd1 g6 11. Nc4 Qc7 12. Nc3 b5 13. Qf3 Ncxe4 14. Nxe4 Nxe4 15. Nd2 d5 16. Nxe4 dxe4 17. Qxe4 Bb7 18. Qe3 Bc5 19. Qh3 O-O 20. Bg5 Qb6 21. Qh4 f6 22. Bh6 Rfd8 23. b4 Bd4 24. c3 Bxc3 25. Qg3 Kh7 26. Bxh5 Be4 27. Qxc3 Kxh6 28. Be2 Rac8 29. Qh3+ Kg7 30. Rd7+ Rxd7 31. Qxd7+ Kh6 32. Qxc8 Qd4 33. Qh8+ Kg5 34. h4+ Kf4 35. Qxf6+ Bf5 36. Qg5+ Ke4 37. Bf3+ Kd3 38. Rd1+ 1-0


[Site "https://www.chess.com"]

[Event "Titled Tuesday Blitz February 01 A 2022"]
[White "Dobrov, Vladimir"]
[Black "Lin, Dachey"]
[WhiteFideId "4136594"]
[BlackFideId "2029650"]
[WhiteElo "2614"]
[BlackElo "2684"]
[Result "1-0"]
[Round "09"]
[TimeControl "180+1"]
[Date "2022.02.01"]
[WhiteClock "0:00:06"]
[BlackClock "0:00:02"]

1. d4 g6 2. e4 Bg7 3. Nc3 d5 4. exd5 Nf6 5. Bc4 Nbd7 6. Bb3 Nb6 7. Nf3 O-O 8. O-O Nbxd5 9. h3 c6 10. Re1 a5 11. a4 Re8 12. Ne5 Be6 13. Bg5 Qb6 14. Nc4 Qc7 15. Rxe6 fxe6 16. Qe2 Qd7 17. Nb6 Qd6 18. Nxa8 Rxa8 19. Re1 Kf7 20. Ne4 Nxe4 21. Qxe4 Bf6 22. Bd2 b5 23. h4 h5 24. c3 Rg8 25. Bd1 Nb6 26. axb5 cxb5 27. Bc1 b4 28. Bb3 Nd5 29. c4 Nc7 30. Bf4 Qd7 31. Bxc7 Qxc7 32. Qxe6+ Kg7 33. c5 Rf8 34. Re4 Qb7 35. Bd5 Qb5 36. b3 Qd3 37. Bc4 Qd1+ 38. Kh2 Qd2 39. Re2 Qxd4 40. g3 Qxc5 41. Qd7 Kh6 42. Kg2 Kg7 43. f4 Kh6 44. Qd2 Kg7 45. Qd7 Rc8 46. Re6 Qc7 47. Qd5 Rd8 48. Qe4 Rd2+ 49. Kh3 Qd7 50. f5 Rd4 51. Qf3 a4 52. Qe2 a3 53. fxg6 a2 54. Qxh5 Qxe6+ 55. Bxe6 Be5 56. Qxe5+ 1-0


[Site "https://www.chess.com"]

[Event "Titled Tuesday Blitz February 01 A 2022"]
[White "Garriga Cazorla, Pere"]
[Black "Atakhan, Abtin"]
[WhiteFideId "32011601"]
[BlackFideId "22502203"]
[WhiteElo "2458"]
[BlackElo "2119"]
[Result "0-1"]
[Round "09"]
[TimeControl "180+1"]
[Date "2022.02.01"]
[WhiteClock "0:00:12"]
[BlackClock "0:00:14"]

1. d4 d5 2. c4 c6 3. Nf3 Nf6 4. Nc3 a6 5. g3 b5 6. c5 g6 7. Bg2 Bg7 8. O-O O-O 9. Ne5 Be6 10. f4 Qc8 11. Rf2 Bh3 12. Bh1 Nbd7 13. Bd2 Nxe5 14. dxe5 Ng4 15. Rf3 f6 16. exf6 exf6 17. Bg2 Bxg2 18. Kxg2 f5 19. Rc1 Re8 20. e3 Qd7 21. h3 Nf6 22. Ne2 Ne4 23. Rc2 Re7 24. Bc1 Rae8 25. b4 Ra8 26. a4 bxa4 27. Ra2 Qb7 28. Qxa4 Rb8 29. Qxa6 Qxb4 30. Qxc6 Qc4 31. Qa4 Nxc5 32. Qxc4 dxc4 33. Bd2 Nd3 34. g4 Rb3 35. Rc2 Rb2 36. Rxb2 Bxb2 37. gxf5 gxf5 38. Rg3+ Kf7 39. Bc3 Bxc3 40. Nxc3 Rb7 41. Kf3 Rb2 42. e4 Rb3 43. Nd5 Nb4+ 44. Kg2 Rxg3+ 45. Kxg3 Nxd5 0-1


[Site "https://www.chess.com"]

[Event "Titled Tuesday Blitz February 01 A 2022"]
[White "Girish, A. Koushik"]
[Black "Visakh N R"]
[WhiteFideId "5038448"]
[BlackFideId "25012223"]
[WhiteElo "2387"]
[BlackElo "2454"]
[Result "0-1"]
[Round "09"]
[TimeControl "180+1"]
[Date "2022.02.01"]
[WhiteClock "0:00:02"]
[BlackClock "0:00:06"]

1. d4 Nf6 2. c4 c5 3. Nf3 e6 4. d5 exd5 5. cxd5 d6 6. Nc3 g6 7. Bf4 Bg7 8. Qa4+ Bd7 9. Qb3 b5 10. Bxd6 Qb6 11. Be5 O-O 12. e3 c4 13. Qd1 b4 14. Ne2 Qa5 15. Nf4 Bb5 16. Be2 Nbd7 17. Bd4 Nb6 18. O-O Rfd8 19. a3 Nfxd5 20. Nxd5 Nxd5 21. Qc1 b3 22. Bxg7 Kxg7 23. Nd4 Rac8 24. e4 Ne7 25. Rd1 Ba6 26. Qe3 Qb6 27. h4 Nc6 28. Nf5+ gxf5 29. Qg5+ Kf8 30. Qh6+ Ke8 31. Qxh7 Nd4 32. Bh5 Qf6 33. e5 Qe7 34. Qh8+ Qf8 35. Qf6 Bb7 0-1


[Site "https://www.chess.com"]

[Event "Titled Tuesday Blitz February 01 A 2022"]
[White "Hess, Robert"]
[Black "Shimelkov, Vasiliy"]
[WhiteFideId "2022036"]
[BlackFideId "13701630"]
[WhiteElo "2557"]
[BlackElo "2073"]
[Result "0-1"]
[Round "09"]
[TimeControl "180+1"]
[Date "2022.02.01"]
[WhiteClock "0:00:03"]
[BlackClock "0:00:17"]

1. g3 d5 2. Bg2 Nf6 3. b3 c5 4. Bb2 Nc6 5. d3 e5 6. Nd2 Be7 7. e3 O-O 8. Ne2 Be6 9. h3 Qd7 10. g4 b5 11. Ng3 a5 12. a4 b4 13. Nf3 d4 14. Ng5 h6 15. Nxe6 Qxe6 16. Nf5 Rfc8 17. Qf3 Bf8 18. O-O-O g6 19. Ng3 Bg7 20. Rde1 Qd6 21. h4 c4 22. dxc4 d3 23. Rd1 e4 24. Nxe4 Nxe4 25. Qxe4 d2+ 26. Kb1 Bc3 27. Qd3 Qf6 28. Bxc3 bxc3 29. g5 Qg7 30. gxh6 Qf6 31. Bxc6 Rxc6 32. h5 Rd8 33. Qe4 Re6 34. Qg2 Qe7 35. Ka2 Kh7 36. Rhg1 Rb8 37. hxg6+ fxg6 38. Qd5 Rb7 39. Qxa5 Qf6 40. Qd5 Rbe7 41. Qd4 Qxd4 42. exd4 Re1 43. b4 Rxg1 44. Rxg1 Re1 45. Rxe1 dxe1=Q 46. Kb3 Qa1 47. c5 Qb2+ 48. Kc4 Qxc2 49. c6 Qb2 50. c7 c2 0-1


[Site "https://www.chess.com"]

[Event "Titled Tuesday Blitz February 01 A 2022"]
[White "Indjic, Aleksandar"]
[Black "Nesterov, Arseniy"]
[WhiteFideId "911925"]
[BlackFideId "24198455"]
[WhiteElo "2616"]
[BlackElo "2489"]
[Result "1/2-1/2"]
[Round "09"]
[TimeControl "180+1"]
[Date "2022.02.01"]
[WhiteClock "0:02:19"]
[BlackClock "0:01:10"]

1. d4 d5 2. Nf3 Nf6 3. Bf4 Bf5 4. e3 e6 5. Bd3 Bg6 6. Ne5 Bd6 7. Nd2 Nbd7 8. O-O O-O 9. Qe2 Nh5 10. Nxg6 hxg6 11. Bxd6 cxd6 12. c4 dxc4 13. Nxc4 d5 14. Ne5 Nhf6 15. Nxd7 Qxd7 16. Rfc1 Rac8 17. Qd2 Rxc1+ 18. Rxc1 Rc8 19. Rc2 Ne8 20. Qc1 Rxc2 21. Qxc2 Qc7 22. Qd2 Nd6 23. g3 a5 24. h4 b6 25. Kg2 Qc6 26. Qd1 Ne4 27. Qb3 Nd6 28. Kf3 f5 29. Ke2 Kf7 30. Qc2 Qxc2+ 31. Bxc2 Nc4 32. b3 Nd6 33. Bd3 Kf6 34. a4 g5 35. hxg5+ Kxg5 36. Kf3 Kf6 1/2-1/2


[Site "https://www.chess.com"]

[Event "Titled Tuesday Blitz February 01 A 2022"]
[White "Kislinsky, Alexey"]
[Black "Hayrapetyan, Hovik"]
[WhiteFideId "14108801"]
[BlackFideId "13302639"]
[WhiteElo "2335"]
[BlackElo "2352"]
[Result "0-1"]
[Round "09"]
[TimeControl "180+1"]
[Date "2022.02.01"]
[WhiteClock "0:00:50"]
[BlackClock "0:01:15"]

1. e4 g6 2. Nc3 Bg7 3. h4 c6 4. h5 d5 5. exd5 cxd5 6. d4 Nc6 7. Bb5 Bd7 8. Nf3 Bg4 9. h6 Bf6 10. Be3 e6 11. Be2 Qb6 12. a3 Bxf3 13. Bxf3 Bxd4 14. Bxd4 Qxd4 15. Qe2 Nf6 16. O-O O-O 17. g3 Qe5 18. Qd3 Qg5 19. Kg2 Qxh6 20. Rae1 Qg5 21. Ne2 Ne5 22. Qb3 Nxf3 23. Qxf3 Qf5 24. Qb3 Qe4+ 25. Kg1 Qc4 26. Qe3 Qxc2 27. Qh6 Ng4 28. Qh4 Qf5 29. Nd4 Qh5 30. Qxh5 gxh5 31. Kg2 Rac8 32. Rh1 Nf6 33. Re5 h6 34. Ne2 Rc2 35. Nf4 Rxf2+ 36. Kxf2 Ng4+ 37. Ke2 Nxe5 38. Nxh5 Rc8 39. Ke3 Ng4+ 40. Kf3 f5 41. Re1 Rc2 0-1


[Site "https://www.chess.com"]

[Event "Titled Tuesday Blitz February 01 A 2022"]
[White "Kobalia, Mikhail"]
[Black "Arabidze, Meri"]
[WhiteFideId "4119150"]
[BlackFideId "13604040"]
[WhiteElo "2667"]
[BlackElo "2329"]
[Result "0-1"]
[Round "09"]
[TimeControl "180+1"]
[Date "2022.02.01"]
[WhiteClock "0:00:01"]
[BlackClock "0:00:08"]

1. e4 c5 2. Nf3 e6 3. g3 Nc6 4. Bg2 Nf6 5. Qe2 d6 6. O-O Be7 7. c3 O-O 8. Rd1 Bd7 9. d4 cxd4 10. cxd4 d5 11. e5 Ne4 12. Be3 Rc8 13. Ne1 h6 14. f3 Ng5 15. h4 Nh7 16. Nd3 Nb4 17. Nc3 Nxd3 18. Qxd3 b5 19. Bf1 b4 20. Ne2 Qc7 21. Rac1 Qa5 22. Rxc8 Rxc8 23. Nc1 Nf8 24. Qb1 Ba4 25. Nb3 Qb6 26. Rc1 Rxc1 27. Qxc1 Qc6 28. Qxc6 Bxc6 29. Na5 Ba4 30. b3 Be8 31. Kf2 f6 32. f4 Kf7 33. Bd3 Bd8 34. Nb7 Be7 35. Bd2 Nd7 36. Nd6+ Bxd6 37. exd6 a5 38. Ba6 e5 39. dxe5 fxe5 40. fxe5 Nxe5 41. Bf4 Ke6 42. Bc8+ Kxd6 43. Ke1 g5 44. hxg5 hxg5 45. Be3 d4 46. Bd2 Nf3+ 47. Ke2 Nxd2 48. Kxd2 Ke5 49. Bb7 Bg6 50. Bc6 Bb1 51. Bb5 Be4 52. Bc4 Bd5 53. Bd3 Be4 54. Bc4 Bb1 55. Bb5 Bf5 56. Ba6 Be6 57. Bd3 Bd5 58. Bb5 g4 0-1


[Site "https://www.chess.com"]

[Event "Titled Tuesday Blitz February 01 A 2022"]
[White "Le, Tuan Minh"]
[Black "Savchenko, Boris"]
[WhiteFideId "12401153"]
[BlackFideId "4147332"]
[WhiteElo "2450"]
[BlackElo "2512"]
[Result "1-0"]
[Round "09"]
[TimeControl "180+1"]
[Date "2022.02.01"]
[WhiteClock "0:00:34"]
[BlackClock "0:00:17"]

1. d4 Nf6 2. Nf3 e6 3. Bf4 c5 4. c3 Nc6 5. e3 Nh5 6. Bg5 Qb6 7. Qc2 h6 8. Bh4 g5 9. Bg3 Nxg3 10. hxg3 Bg7 11. Na3 d5 12. Nb5 Bd7 13. dxc5 Qxc5 14. Nc7+ Ke7 15. Nxa8 Rxa8 16. Bd3 Rc8 17. Qd2 b5 18. O-O f5 19. Rac1 a5 20. Rfd1 Bf6 21. Be2 Qb6 22. b3 g4 23. Nd4 Ne5 24. c4 dxc4 25. bxc4 b4 26. Nb3 a4 27. c5 Qb8 28. Nd4 Qb7 29. Rb1 Rxc5 30. Rxb4 Qc8 31. Rdb1 Nc4 32. Bxc4 Rxc4 33. Rb8 Qc5 34. R8b7 Bxd4 35. exd4 Rxd4 36. Qxh6 Qd5 37. Qg7+ Kd8 38. Qf8+ Be8 39. Qe7+ Kc8 40. Qc7# 1-0


[Site "https://www.chess.com"]

[Event "Titled Tuesday Blitz February 01 A 2022"]
[White "Martinez Alcantara, Jose Eduardo"]
[Black "Grandelius, Nils"]
[WhiteFideId "3805662"]
[BlackFideId "1710400"]
[WhiteElo "2690"]
[BlackElo "2617"]
[Result "1-0"]
[Round "09"]
[TimeControl "180+1"]
[Date "2022.02.01"]
[WhiteClock "0:00:34"]
[BlackClock "0:00:28"]

1. e4 c6 2. d4 d5 3. e5 c5 4. Nf3 cxd4 5. Nxd4 Nc6 6. Nxc6 bxc6 7. Bd3 Ba6 8. Be3 e6 9. O-O Bxd3 10. cxd3 Ne7 11. Qa4 Qd7 12. Rc1 Ng6 13. f4 c5 14. Qxd7+ Kxd7 15. g3 a5 16. Nd2 a4 17. Bxc5 Bxc5+ 18. Rxc5 Rhb8 19. Rac1 Rxb2 20. Rc7+ Ke8 21. Nf3 Ne7 22. Nd4 Rxa2 23. Rb7 Rc8 24. Rxe7+ Kxe7 25. Rxc8 a3 26. Rc7+ Ke8 27. Ra7 Ra1+ 28. Kg2 a2 29. Nc2 Rd1 30. Rxa2 Rxd3 31. Ne1 Rb3 32. Nf3 f6 33. Ra8+ Kf7 34. Ra7+ Kg6 35. Nd4 Rb2+ 36. Kf3 Rxh2 37. exf6 Kxf6 38. Ra6 1-0


[Site "https://www.chess.com"]

[Event "Titled Tuesday Blitz February 01 A 2022"]
[White "Murzin, Volodar"]
[Black "Mladenovic, Stefan"]
[WhiteFideId "44155573"]
[BlackFideId "942227"]
[WhiteElo "2585"]
[BlackElo "2355"]
[Result "1-0"]
[Round "09"]
[TimeControl "180+1"]
[Date "2022.02.01"]
[WhiteClock "0:00:03"]
[BlackClock "0:00:02"]

1. e4 c5 2. Nf3 d6 3. Bb5+ Bd7 4. Bxd7+ Qxd7 5. O-O Nc6 6. c3 Nf6 7. d4 cxd4 8. cxd4 d5 9. e5 Ne4 10. Ne1 f6 11. f3 Ng5 12. Nc3 e6 13. Be3 Nf7 14. f4 Be7 15. Nf3 Nh6 16. h3 Nf5 17. Bf2 h5 18. g3 fxe5 19. dxe5 d4 20. Ne4 Rd8 21. a3 Qd5 22. Qd3 Rh6 23. Rfd1 Rg6 24. Kf1 Kf8 25. Rac1 Kg8 26. b4 a6 27. Nfg5 Bxg5 28. Rc5 Qa2 29. Nxg5 Rf8 30. Rd2 Qa1+ 31. Kg2 Nce7 32. Rd1 Qb2 33. Qc2 Qxa3 34. Rc7 Qxb4 35. Rb1 Qa5 36. Rbxb7 Qd5+ 37. Kh2 Rxg5 38. fxg5 Qxe5 39. Rxe7 Nxe7 40. Rxe7 d3 41. Qd2 Qf5 42. Kg1 Qe4 43. Qb2 e5 44. Qxe5 Qg6 45. Qd5+ Kh8 46. Bd4 1-0


[Site "https://www.chess.com"]

[Event "Titled Tuesday Blitz February 01 A 2022"]
[White "Neiksans, Arturs"]
[Black "Jobava, Baadur"]
[WhiteFideId "11601388"]
[BlackFideId "13601520"]
[WhiteElo "2447"]
[BlackElo "2617"]
[Result "0-1"]
[Round "09"]
[TimeControl "180+1"]
[Date "2022.02.01"]
[WhiteClock "0:00:20"]
[BlackClock "0:01:10"]

1. e4 e6 2. d4 d5 3. c4 dxe4 4. Nc3 Nf6 5. f3 Nc6 6. d5 exd5 7. cxd5 Ne5 8. fxe4 Bc5 9. Bf4 Neg4 10. Bb5+ Bd7 11. Bxd7+ Qxd7 12. Nh3 O-O 13. Qd3 Rfe8 14. O-O-O Bd6 15. Qf3 b5 16. Nf2 Nxf2 17. Qxf2 b4 18. Bxd6 cxd6 19. Ne2 Nxe4 20. Qd4 b3 21. a3 Qf5 22. Rhf1 Rac8+ 23. Nc3 Nxc3 24. Rxf5 Ne2+ 25. Kb1 Nxd4 0-1


[Site "https://www.chess.com"]

[Event "Titled Tuesday Blitz February 01 A 2022"]
[White "Nogerbek, Kazybek"]
[Black "Sviridov, Valery"]
[WhiteFideId "13710427"]
[BlackFideId "4120680"]
[WhiteElo "2478"]
[BlackElo "2454"]
[Result "0-1"]
[Round "09"]
[TimeControl "180+1"]
[Date "2022.02.01"]
[WhiteClock "0:00:01"]
[BlackClock "0:00:32"]

1. e4 e5 2. Nf3 Nc6 3. Bb5 Nge7 4. Nc3 g6 5. d4 exd4 6. Nd5 Bg7 7. Bg5 h6 8. Bf6 Bxf6 9. Nxf6+ Kf8 10. Nxd4 Kg7 11. Qd2 Ng8 12. Nd5 Nf6 13. O-O-O Nxe4 14. Qf4 Qg5 15. Rhe1 Qxd5 16. Bxc6 dxc6 17. Rxe4 Qg5 18. Qxg5 hxg5 19. h3 Kf6 20. Rd3 Bf5 21. Rf3 Rh4 22. g4 Rxh3 23. gxf5 Rxf3 24. Nxf3 gxf5 25. Rb4 b6 26. Rc4 c5 27. b4 g4 28. Ne1 cxb4 29. Rxc7 Re8 30. Nd3 a5 31. Kd2 Re6 32. Rd7 Re4 33. Rd6+ Re6 34. Rd5 Re4 35. Rb5 Re6 36. Nf4 Rd6+ 37. Ke3 Kg5 38. Nd5 Re6+ 39. Kd3 Re5 40. Nc7 Rxb5 41. Nxb5 Kf4 42. Nd4 Ke5 43. Nc6+ Kf4 44. Nd4 f6 45. Ke2 Ke4 46. Nb5 f4 47. Nd6+ Kd4 48. Ne8 Kc3 49. Nxf6 Kxc2 50. Nd5 b5 51. Nc7 Kb2 52. a3 bxa3 0-1


[Site "https://www.chess.com"]

[Event "Titled Tuesday Blitz February 01 A 2022"]
[White "Onyshchuk, Volodymyr"]
[Black "Sadhwani, Raunak"]
[WhiteFideId "14114038"]
[BlackFideId "35093487"]
[WhiteElo "2642"]
[BlackElo "2616"]
[Result "1-0"]
[Round "09"]
[TimeControl "180+1"]
[Date "2022.02.01"]
[WhiteClock "0:01:32"]
[BlackClock "0:00:05"]

1. e4 e5 2. Nf3 Nc6 3. Bc4 d6 4. c3 f5 5. d3 h6 6. b4 Qf6 7. Qb3 Nge7 8. a4 f4 9. a5 a6 10. Nbd2 g5 11. h3 h5 12. h4 gxh4 13. Nxh4 Bh6 14. Ndf3 Nd8 15. Bb2 Be6 16. O-O-O b5 17. axb6 cxb6 18. d4 Rc8 19. Bxe6 Nxe6 20. d5 Nd4 21. Qa4+ b5 22. Qxa6 O-O 23. Kb1 Ne2 24. Rd3 Ra8 25. Qxb5 Rfb8 26. Qd7 Rc8 27. Re1 1-0


[Site "https://www.chess.com"]

[Event "Titled Tuesday Blitz February 01 A 2022"]
[White "Orozbaev, Eldiar"]
[Black "Svane, Frederik"]
[WhiteFideId "13802240"]
[BlackFideId "12923044"]
[WhiteElo "2050"]
[BlackElo "2459"]
[Result "0-1"]
[Round "09"]
[TimeControl "180+1"]
[Date "2022.02.01"]
[WhiteClock "0:00:59"]
[BlackClock "0:00:48"]

1. e4 c5 2. c3 d5 3. exd5 Qxd5 4. Nf3 g6 5. d4 Bg7 6. Be2 Nf6 7. O-O O-O 8. Be3 cxd4 9. Nxd4 Qd7 10. Na3 b6 11. Bf3 Bb7 12. Qe2 e5 13. Bxb7 Qxb7 14. Nb3 Nd5 15. Rad1 Nxe3 16. Qxe3 Nd7 17. Rd6 Rae8 18. Rfd1 Nf6 19. Nb5 Ng4 20. Qf3 Qxf3 21. gxf3 Nh6 22. Nxa7 Nf5 23. Rxb6 Nh4 24. Rd3 e4 25. fxe4 Rxe4 26. Re3 Rg4+ 27. Kf1 Bh6 28. Re7 Nf5 29. Reb7 Bf4 30. a4 Bxh2 31. a5 Re8 32. f3 Rg1+ 33. Kf2 Ree1 34. f4 Bg3+ 35. Kf3 Nh4+ 36. Kg4 Bf2+ 37. Kh3 Rh1+ 38. Kg4 Reg1# 0-1


[Site "https://www.chess.com"]

[Event "Titled Tuesday Blitz February 01 A 2022"]
[White "Pakleza, Zbigniew"]
[Black "Aradhya, Garg"]
[WhiteFideId "1119290"]
[BlackFideId "25006746"]
[WhiteElo "2467"]
[BlackElo "2169"]
[Result "1-0"]
[Round "09"]
[TimeControl "180+1"]
[Date "2022.02.01"]
[WhiteClock "0:00:11"]
[BlackClock "0:00:08"]

1. d4 d5 2. Bf4 c5 3. e3 Nc6 4. c3 Qb6 5. Qb3 c4 6. Qc2 e5 7. dxe5 Bf5 8. Qc1 f6 9. Nf3 g5 10. Bg3 Bg7 11. exf6 Nxf6 12. Be2 O-O 13. O-O g4 14. Nd4 Nxd4 15. cxd4 Ne4 16. Nc3 Qe6 17. Nxd5 Nxg3 18. hxg3 Rac8 19. Nf4 Qc6 20. Rd1 b5 21. Qc3 Rfd8 22. a4 bxa4 23. Rdc1 Kh8 24. Qxc4 Qxc4 25. Rxc4 Rxc4 26. Bxc4 Bd7 27. Be6 Be8 28. b3 axb3 29. Bxb3 h5 30. Rxa7 Bh6 31. Ne6 Rb8 32. Bd5 h4 33. gxh4 g3 34. fxg3 Bxe3+ 35. Kh2 Bg6 36. Bf3 Bf5 37. Ng5 Bxd4 38. Ra5 Bg6 39. Ra6 Be8 40. Ne6 Rb6 41. Rxb6 Bxb6 42. Nf4 Kg7 43. Bg4 Kf6 44. Kh3 Ke5 45. Nd3+ Kf6 46. Nf4 Bd8 47. Bf3 Ke5 48. Ne2 Bd7+ 49. g4 Ba5 50. Ng3 Be1 51. Nh5 Be8 52. Ng7 Bg6 53. Nh5 Bf2 54. Ng3 Kf4 55. Ne2+ Ke3 56. Nc3 Kd4 57. Nd5 Ke5 58. Ne7 Bh7 59. g5 Ke6 60. Nc6 Kd6 61. Nb4 Bc5 62. Na2 Bg8 63. Nc1 Be3 64. Ne2 Be6+ 65. Bg4 Bc4 66. Ng3 Ke5 67. Nf5 Bf4 68. Ng3 Bd5 69. Nh5 Be3 70. Nf6 Bf7 71. g3 Bd2 72. Bc8 Kd6 73. Ne4+ Ke5 74. Nxd2 Kd4 75. Bg4 Ke3 76. Nf3 Kf2 77. Ne5 Bd5 78. g6 Kg1 79. h5 Bg2+ 80. Kh4 Kf2 81. g7 Bd5 82. h6 Bg8 83. Bf5 Ke3 84. h7 Bxh7 85. Bxh7 Kd4 86. Ng6 Ke3 87. g8=Q Kf3 88. Qf7+ Kg2 89. Ne5 Kg1 90. Kh3 Kh1 91. Qf1# 1-0


[Site "https://www.chess.com"]

[Event "Titled Tuesday Blitz February 01 A 2022"]
[White "Papp, Levente"]
[Black "Molina, Roberto Junio Brito"]
[WhiteFideId "751243"]
[BlackFideId "2109450"]
[WhiteElo "2308"]
[BlackElo "2402"]
[Result "0-1"]
[Round "09"]
[TimeControl "180+1"]
[Date "2022.02.01"]
[WhiteClock "0:00:06"]
[BlackClock "0:00:17"]

1. g3 c6 2. Bg2 d5 3. Nf3 Bg4 4. c4 e6 5. O-O Nd7 6. d3 Ngf6 7. Nc3 Bxf3 8. exf3 Bb4 9. f4 O-O 10. Qb3 a5 11. a3 Nc5 12. Qc2 Bxc3 13. Qxc3 d4 14. Qc2 a4 15. Bd2 Qd6 16. Bb4 Nfd7 17. Rae1 Rfe8 18. Re2 g6 19. Rfe1 Qc7 20. h4 h5 21. Bf3 Red8 22. Kg2 b6 23. Bd2 Nb3 24. g4 hxg4 25. Bxg4 Nf6 26. Bf3 Nxd2 27. Qxd2 Ra5 28. Re5 Kg7 29. Rxa5 bxa5 30. Re5 c5 31. h5 gxh5 32. Rg5+ Kf8 33. f5 e5 34. Rg3 Ke7 35. Qh6 e4 36. Bxe4 Qe5 37. Qd2 Nxe4 38. Qe2 Kd6 39. dxe4 Rh8 40. f3 h4 41. Rg4 h3+ 42. Kh1 Re8 43. Qd2 Ra8 44. Qh6+ Kc7 45. Rg7 Qe7 46. Qe6 Qxe6 47. fxe6 Kd6 48. exf7 Rf8 49. Rg5 Rxf7 50. Rd5+ Kc6 51. e5 Rxf3 52. Kh2 Re3 53. e6 Rxe6 54. Kxh3 Re2 0-1


[Site "https://www.chess.com"]

[Event "Titled Tuesday Blitz February 01 A 2022"]
[White "Paravyan, David"]
[Black "Nakamura, Hikaru"]
[WhiteFideId "4194985"]
[BlackFideId "2016192"]
[WhiteElo "2569"]
[BlackElo "2850"]
[Result "1/2-1/2"]
[Round "09"]
[TimeControl "180+1"]
[Date "2022.02.01"]
[WhiteClock "0:00:37"]
[BlackClock "0:01:03"]

1. e4 e5 2. Nf3 Nc6 3. Nc3 Nf6 4. d4 exd4 5. Nxd4 Bb4 6. Nxc6 bxc6 7. Bd3 O-O 8. O-O d5 9. exd5 Bg4 10. f3 Bh5 11. dxc6 Qd4+ 12. Kh1 Bxc3 13. bxc3 Qxc3 14. Bf4 Qxc6 15. Qe2 Bg6 16. Bb5 Qc5 17. Qe5 Qxc2 18. Rfc1 Qf5 19. Qxf5 Bxf5 20. Bxc7 Rac8 21. Ba6 Ra8 22. Bb7 Be6 23. a4 a6 24. Bxa8 Rxa8 25. Rab1 Nd7 26. Bd6 h5 27. Kg1 Kh7 28. Kf2 g5 29. Rc6 h4 30. Be7 Kg6 31. Rd1 Ra7 32. Rd5 Nf6 33. Bc5 Bxd5 34. Rxf6+ Kxf6 35. Bxa7 a5 36. Bb6 Bc6 37. Bxa5 Bxa4 38. h3 Kg6 1/2-1/2


[Site "https://www.chess.com"]

[Event "Titled Tuesday Blitz February 01 A 2022"]
[White "Postny, Evgeny"]
[Black "Cunjalo, Faris"]
[WhiteFideId "2804344"]
[BlackFideId "14410710"]
[WhiteElo "2483"]
[BlackElo "2263"]
[Result "1-0"]
[Round "09"]
[TimeControl "180+1"]
[Date "2022.02.01"]
[WhiteClock "0:00:56"]
[BlackClock "0:00:14"]

1. e4 c5 2. Nf3 e6 3. b3 a6 4. c4 d6 5. d4 cxd4 6. Nxd4 Nf6 7. Nc3 b6 8. Be2 Bb7 9. f3 Nbd7 10. O-O Be7 11. Be3 O-O 12. Qd2 Re8 13. Rfd1 Qc7 14. Rac1 Rac8 15. Bf1 Qb8 16. Kh1 Bd8 17. Nde2 Bc7 18. Bg1 Ne5 19. Nd4 Ng6 20. b4 d5 21. exd5 exd5 22. Nce2 dxc4 23. Rxc4 b5 24. Rc5 Rcd8 25. Qc1 Bd6 26. Nc6 Bxc6 27. Rxc6 Bxb4 28. Rxd8 Rxd8 29. Rxa6 Nd5 30. Rc6 Ne5 31. Rc2 Nd3 32. Qg5 h6 33. Qf5 Ne7 34. Qe4 Ng6 35. Nd4 Nge5 36. Bxd3 Nxd3 37. Qxd3 1-0


[Site "https://www.chess.com"]

[Event "Titled Tuesday Blitz February 01 A 2022"]
[White "Pranav, V"]
[Black "Xiong, Jeffery"]
[WhiteFideId "25060783"]
[BlackFideId "2047640"]
[WhiteElo "2349"]
[BlackElo "2727"]
[Result "0-1"]
[Round "09"]
[TimeControl "180+1"]
[Date "2022.02.01"]
[WhiteClock "0:00:18"]
[BlackClock "0:01:01"]

1. Nf3 c5 2. g3 Nc6 3. Bg2 g6 4. O-O Bg7 5. c3 e5 6. e4 d6 7. d3 Nge7 8. a4 O-O 9. Na3 Be6 10. Ng5 Bd7 11. Nc4 h6 12. Nf3 Be6 13. Re1 Qd7 14. b3 f5 15. Bb2 Rf7 16. exf5 Nxf5 17. d4 exd4 18. cxd4 Ncxd4 19. Nxd4 Nxd4 20. f4 Bg4 21. Qd3 Bf5 22. Qd1 Bc2 23. Qc1 Bxb3 24. Bd5 Kh7 25. Bxf7 Qxf7 26. Nd2 Bd5 27. Ra3 Re8 28. Rae3 Rxe3 29. Rxe3 Qd7 30. a5 Qh3 31. Qf1 Qxf1+ 32. Kxf1 Nf5 33. Rd3 Bxb2 34. g4 c4 35. Rh3 Nd4 36. Nb1 Be4 37. Nc3 Bd3+ 0-1


[Site "https://www.chess.com"]